[ AOE2 MATCH · #468342010 ]
UnrankedGurjaras vs Hindustanis
[ REPLAY ANALYSIS · EXTRACTED FROM THE RECORDED GAME ]
Feudal
10:24
Castle
16:34
Imperial
32:29
| APM avg | 42.9 |
| APM peak | 70 |
| eAPM avg | 28.4 |
| Villagers / military | 164 / 81 |
Focus
⚔️ 34.3% · 🌾 65.7%
Elephant Archer ×55 · Trade Cart ×24 · Armored Elephant ×20 · Fishing Ship ×13 · Mangonel ×4 · Scorpion ×2
Feudal
12:37
Castle
16:42
Imperial
29:58
| APM avg | 45.7 |
| APM peak | 80 |
| eAPM avg | 31.6 |
| Villagers / military | 230 / 187 |
Focus
⚔️ 47.7% · 🌾 52.3%
Skirmisher ×94 · Hand Cannoneer ×42 · Archer ×28 · Trebuchet (Packed) ×9 · Fishing Ship ×7 · Bombard Cannon ×6
Feudal
10:59
Castle
15:31
Imperial
30:53
| APM avg | 39.5 |
| APM peak | 77 |
| eAPM avg | 32.4 |
| Villagers / military | 217 / 142 |
Focus
⚔️ 31.8% · 🌾 68.2%
Skirmisher ×73 · Hand Cannoneer ×51 · Ghulam ×14 · Fishing Ship ×8 · Trebuchet (Packed) ×4
Feudal
12:24
Castle
16:03
Imperial
27:38
| APM avg | 51.7 |
| APM peak | 127 |
| eAPM avg | 26.5 |
| Villagers / military | 105 / 175 |
Focus
⚔️ 21.5% · 🌾 78.5%
Spearman ×122 · Trade Cart ×31 · Battle Elephant ×21 · Knight ×18 · Fishing Ship ×10 · Bombard Cannon ×10
Feudal
12:06
Castle
15:38
Imperial
27:58
| APM avg | 41.8 |
| APM peak | 87 |
| eAPM avg | 24.8 |
| Villagers / military | 129 / 161 |
Focus
⚔️ 41.7% · 🌾 58.3%
Spearman ×125 · Fishing Ship ×23 · Mangonel ×16 · Battering Ram ×11 · Militia ×8 · Monk ×1
Feudal
13:01
Castle
16:52
Imperial
33:25
| APM avg | 44.3 |
| APM peak | 98 |
| eAPM avg | 22.3 |
| Villagers / military | 117 / 2 |
Focus
⚔️ 31.0% · 🌾 69.0%
Unknown (1944) ×50 · Unknown (1942) ×8 · Fishing Ship ×6 · Monk ×1 · Mangonel ×1
Feudal
10:42
Castle
17:35
Imperial
29:18
| APM avg | 31.9 |
| APM peak | 66 |
| eAPM avg | 26.5 |
| Villagers / military | 143 / 258 |
Focus
⚔️ 41.5% · 🌾 58.5%
Spearman ×132 · Militia ×90 · Fishing Ship ×41 · Battering Ram ×19 · Scorpion ×12 · Trebuchet (Packed) ×3
Feudal
10:39
Castle
22:02
Imperial
30:49
| APM avg | 48.4 |
| APM peak | 100 |
| eAPM avg | 28.4 |
| Villagers / military | 115 / 52 |
Focus
⚔️ 24.5% · 🌾 75.5%
Hand Cannoneer ×32 · Skirmisher ×15 · Fishing Ship ×14 · Militia ×5
Match map
Initial resources + every placement click. Lines = walls · curves = elevation contours. ◆ gold · ⬟ stone · ● berries · ✦ relic · ◌ wall gap
Your base· ✓ Closed at 16:34 · 85t walls · no gate
Ux'Double D's base· ✓ Closed at 16:42 · 23t walls · no gate
HNu'u | iHurtt's base· ✓ Closed at 15:31 · 49t walls · no gate
hK | Agt. Smith's base· ✓ Closed at 16:03 · 0t walls · no gate
Mau5's base· ✓ Closed at 15:38 · 0t walls · no gate
Panda's base· ✓ Closed at 16:52 · 8t walls · no gate
Eugenius's base· ✓ Closed at 17:35 · 25t walls · no gate
Ux'unreal.'s base· ✓ Closed at 22:02 · 31t walls · 1 gate(s)
Smoothed initial terrain · ◌ = detected wall gap · hover for details
Inputs per minute
— . - - Ux'Double D
Build order — .
First 150 of 530 actions detected
| 0:16 | Create | Villager (Male) |
| 0:16 | Create | Villager (Male) |
| 0:17 | Build | House |
| 0:19 | Build | House |
| 0:38 | Research | Loom |
| 0:47 | Create | Villager (Male) |
| 0:57 | Create | Villager (Male) |
| 0:57 | Create | Villager (Male) |
| 1:17 | Build | Mill |
| 1:50 | Build | Palisade Wall |
| 1:58 | Build | Palisade Wall |
| 2:09 | Create | Villager (Male) |
| 2:09 | Create | Villager (Male) |
| 2:42 | Create | Villager (Male) |
| 3:06 | Create | Villager (Male) |
| 3:06 | Create | Villager (Male) |
| 3:37 | Create | Villager (Male) |
| 3:37 | Create | Villager (Male) |
| 3:44 | Build | Palisade Wall |
| 4:02 | Create | Villager (Male) |
| 4:03 | Create | Villager (Male) |
| 4:20 | Create | Villager (Male) |
| 4:39 | Build | House |
| 4:46 | Create | Villager (Male) |
| 4:47 | Create | Villager (Male) |
| 4:56 | Build | Palisade Wall |
| 5:12 | Create | Villager (Male) |
| 5:19 | Build | Palisade Wall |
| 5:35 | Create | Villager (Male) |
| 5:45 | Build | Palisade Wall |
| 5:48 | Create | Villager (Male) |
| 6:03 | Build | House |
| 6:26 | Create | Villager (Male) |
| 6:38 | Build | House |
| 6:44 | Build | House |
| 6:50 | Create | Villager (Male) |
| 6:50 | Create | Villager (Male) |
| 7:31 | Build | Lumber Camp |
| 7:46 | Create | Villager (Male) |
| 8:08 | Build | Palisade Wall |
| 8:09 | Create | Villager (Male) |
| 8:14 | Research | Feudal Age |
| 8:15 | Research | Feudal Age |
| 9:08 | Create | Villager (Male) |
| 9:32 | Build | House |
| 9:40 | Build | Dock |
| 10:18 | Create | Villager (Male) |
| 10:24 | Age | Feudal Age |
| 10:30 | Build | Stone Wall |
| 10:33 | Create | Villager (Male) |
| 10:38 | Build | Stone Wall |
| 10:40 | Build | Stone Wall |
| 10:41 | Build | Stone Wall |
| 11:10 | Build | Stone Wall |
| 11:11 | Build | Stone Wall |
| 11:13 | Build | Stone Wall |
| 11:15 | Create | Fishing Ship |
| 11:16 | Create | Villager (Male) |
| 11:21 | Build | Mining Camp |
| 11:40 | Create | Villager (Male) |
| 11:49 | Build | Market |
| 11:55 | Build | Stone Wall |
| 11:57 | Build | Stone Wall |
| 11:58 | Build | Stone Wall |
| 12:10 | Create | Villager (Male) |
| 12:28 | Build | Stone Wall |
| 12:44 | Build | Blacksmith |
| 12:50 | Build | House |
| 12:53 | Create | Villager (Male) |
| 13:23 | Create | Villager (Male) |
| 13:26 | Build | House |
| 13:45 | Research | Double-Bit Axe |
| 13:47 | Research | Castle Age |
| 13:47 | Research | Castle Age |
| 13:58 | Build | Stone Wall |
| 13:59 | Build | Stone Wall |
| 14:00 | Build | Stone Wall |
| 14:02 | Build | Stone Wall |
| 14:03 | Build | Stone Wall |
| 14:19 | Create | Fishing Ship |
| 14:32 | Create | Villager (Male) |
| 14:38 | Build | Farm |
| 14:39 | Research | Horse Collar |
| 14:48 | Build | Farm |
| 14:56 | Create | Fishing Ship |
| 14:58 | Build | Farm |
| 15:06 | Build | Outpost |
| 15:11 | Build | House |
| 15:18 | Build | Farm |
| 15:29 | Create | Fishing Ship |
| 15:33 | Build | House |
| 15:37 | Create | Villager (Male) |
| 15:47 | Build | Farm |
| 16:05 | Build | House |
| 16:34 | Age | Castle Age |
| 16:36 | Research | Town Watch |
| 16:39 | Build | Siege Workshop |
| 16:43 | Research | Bow Saw |
| 16:44 | Research | Bow Saw |
| 16:44 | Research | Bow Saw |
| 17:09 | Create | Villager (Male) |
| 17:21 | Research | Tech 906 |
| 17:21 | Research | Tech 906 |
| 17:27 | Create | Mangonel |
| 17:28 | Create | Armored Elephant |
| 17:32 | Build | House |
| 17:34 | Create | Villager (Male) |
| 17:44 | Create | Scorpion |
| 17:49 | Create | Villager (Male) |
| 17:57 | Build | House |
| 18:23 | Create | Villager (Male) |
| 18:26 | Create | Scorpion |
| 18:28 | Build | House |
| 18:45 | Create | Armored Elephant |
| 18:53 | Build | House |
| 18:59 | Build | Town Center |
| 19:01 | Create | Villager (Male) |
| 19:16 | Create | Villager (Male) |
| 19:30 | Create | Mangonel |
| 19:30 | Create | Mangonel |
| 19:36 | Build | House |
| 19:36 | Build | House |
| 19:39 | Create | Villager (Male) |
| 19:43 | Research | Wheelbarrow |
| 19:59 | Create | Villager (Male) |
| 20:08 | Build | Fish Trap |
| 20:11 | Build | Fish Trap |
| 20:30 | Build | Fish Trap |
| 20:34 | Create | Villager (Male) |
| 20:36 | Create | Villager (Male) |
| 20:58 | Create | Villager (Male) |
| 21:12 | Build | Stone Wall |
| 21:13 | Build | Stone Wall |
| 21:16 | Create | Villager (Male) |
| 21:23 | Create | Villager (Male) |
| 21:27 | Create | Villager (Male) |
| 21:30 | Build | Town Center |
| 21:31 | Create | Villager (Male) |
| 21:37 | Build | Stone Wall |
| 21:47 | Build | Farm |
| 21:54 | Build | Town Center |
| 21:58 | Create | Villager (Male) |
| 22:09 | Create | Villager (Male) |
| 22:19 | Build | Farm |
| 22:20 | Build | Farm |
| 22:23 | Create | Fishing Ship |
| 22:28 | Create | Villager (Male) |
| 22:33 | Build | Fish Trap |
| 22:36 | Create | Villager (Male) |
| 22:43 | Build | Outpost |
Build order — Ux'Double D
First 150 of 609 actions detected
| 0:03 | Create | Villager (Male) |
| 0:03 | Create | Villager (Male) |
| 0:03 | Create | Villager (Male) |
| 0:03 | Create | Villager (Male) |
| 0:04 | Create | Villager (Male) |
| 0:05 | Build | House |
| 0:06 | Build | House |
| 1:08 | Research | Loom |
| 1:08 | Research | Loom |
| 1:09 | Create | Villager (Male) |
| 1:24 | Build | Palisade Wall |
| 1:29 | Create | Villager (Male) |
| 2:10 | Build | Lumber Camp |
| 2:20 | Create | Villager (Male) |
| 3:00 | Create | Villager (Male) |
| 3:37 | Create | Villager (Male) |
| 3:46 | Create | Villager (Male) |
| 4:18 | Create | Villager (Male) |
| 4:18 | Create | Villager (Male) |
| 4:45 | Create | Villager (Male) |
| 4:58 | Create | Villager (Male) |
| 5:00 | Build | House |
| 5:08 | Create | Villager (Male) |
| 5:08 | Create | Villager (Male) |
| 5:19 | Build | House |
| 5:30 | Create | Villager (Male) |
| 5:37 | Create | Villager (Male) |
| 5:57 | Build | Dock |
| 6:22 | Create | Villager (Male) |
| 6:25 | Build | House |
| 6:48 | Create | Villager (Male) |
| 6:50 | Create | Villager (Male) |
| 6:56 | Create | Fishing Ship |
| 7:16 | Create | Villager (Male) |
| 7:46 | Create | Villager (Male) |
| 7:48 | Create | Villager (Male) |
| 7:57 | Create | Villager (Male) |
| 8:02 | Build | Mill |
| 8:04 | Create | Villager (Male) |
| 8:38 | Create | Fishing Ship |
| 8:39 | Create | Villager (Male) |
| 8:41 | Create | Villager (Male) |
| 8:48 | Create | Villager (Male) |
| 8:51 | Create | Villager (Male) |
| 8:56 | Create | Villager (Male) |
| 9:04 | Create | Villager (Male) |
| 9:15 | Create | Villager (Male) |
| 9:17 | Build | Mining Camp |
| 9:21 | Create | Villager (Male) |
| 9:26 | Create | Villager (Male) |
| 9:31 | Create | Villager (Male) |
| 9:33 | Create | Villager (Male) |
| 9:44 | Create | Villager (Male) |
| 9:47 | Create | Villager (Male) |
| 9:55 | Create | Villager (Male) |
| 10:01 | Build | Palisade Wall |
| 10:02 | Create | Villager (Male) |
| 10:15 | Research | Feudal Age |
| 10:15 | Research | Feudal Age |
| 10:19 | Create | Villager (Male) |
| 10:35 | Create | Villager (Male) |
| 10:38 | Build | Farm |
| 10:41 | Create | Villager (Male) |
| 10:43 | Build | Farm |
| 10:44 | Create | Villager (Male) |
| 10:48 | Build | Farm |
| 11:14 | Create | Villager (Male) |
| 11:27 | Create | Villager (Male) |
| 11:27 | Create | Villager (Male) |
| 11:34 | Create | Villager (Male) |
| 11:44 | Create | Villager (Male) |
| 11:53 | Create | Villager (Male) |
| 12:07 | Create | Villager (Male) |
| 12:18 | Create | Villager (Male) |
| 12:20 | Create | Villager (Male) |
| 12:27 | Create | Villager (Male) |
| 12:34 | Create | Villager (Male) |
| 12:37 | Age | Feudal Age |
| 12:42 | Create | Villager (Male) |
| 12:45 | Build | Market |
| 12:46 | Create | Villager (Male) |
| 12:48 | Build | Blacksmith |
| 12:49 | Create | Villager (Male) |
| 12:56 | Research | Double-Bit Axe |
| 13:01 | Research | Double-Bit Axe |
| 13:03 | Create | Villager (Male) |
| 13:16 | Build | House |
| 13:18 | Create | Villager (Male) |
| 13:23 | Build | House |
| 13:33 | Create | Villager (Male) |
| 13:43 | Research | Castle Age |
| 13:44 | Research | Castle Age |
| 13:57 | Research | Horse Collar |
| 13:57 | Research | Gold Mining |
| 13:59 | Create | Villager (Male) |
| 14:07 | Build | Fish Trap |
| 14:08 | Create | Villager (Male) |
| 14:27 | Create | Villager (Male) |
| 14:31 | Create | Fishing Ship |
| 14:43 | Create | Villager (Male) |
| 14:50 | Create | Villager (Male) |
| 15:00 | Create | Villager (Male) |
| 15:03 | Create | Villager (Male) |
| 15:07 | Create | Fishing Ship |
| 15:15 | Build | Fish Trap |
| 15:31 | Create | Villager (Male) |
| 15:34 | Create | Villager (Male) |
| 15:38 | Create | Villager (Male) |
| 15:41 | Create | Villager (Male) |
| 15:44 | Create | Villager (Male) |
| 15:52 | Create | Villager (Male) |
| 15:53 | Create | Villager (Male) |
| 15:58 | Build | Fish Trap |
| 16:09 | Build | Fish Trap |
| 16:13 | Create | Fishing Ship |
| 16:18 | Create | Villager (Male) |
| 16:24 | Create | Villager (Male) |
| 16:32 | Create | Villager (Male) |
| 16:37 | Create | Villager (Male) |
| 16:42 | Age | Castle Age |
| 16:43 | Create | Villager (Male) |
| 16:50 | Build | Town Center |
| 16:51 | Create | Villager (Male) |
| 16:54 | Build | Town Center |
| 16:55 | Create | Villager (Male) |
| 17:01 | Create | Villager (Male) |
| 17:02 | Create | Villager (Male) |
| 17:08 | Create | Villager (Male) |
| 17:18 | Create | Villager (Male) |
| 17:23 | Build | Fish Trap |
| 17:26 | Create | Villager (Male) |
| 17:28 | Create | Villager (Male) |
| 17:31 | Create | Villager (Male) |
| 17:42 | Create | Villager (Male) |
| 17:44 | Create | Villager (Male) |
| 17:55 | Create | Villager (Male) |
| 18:04 | Create | Fishing Ship |
| 18:08 | Build | House |
| 18:10 | Build | House |
| 18:12 | Create | Villager (Male) |
| 18:15 | Build | Mining Camp |
| 18:24 | Create | Villager (Male) |
| 18:26 | Create | Villager (Male) |
| 18:29 | Create | Villager (Male) |
| 18:36 | Create | Villager (Male) |
| 18:45 | Create | Villager (Male) |
| 18:45 | Create | Villager (Male) |
| 18:49 | Create | Villager (Male) |
| 18:53 | Create | Villager (Male) |
| 18:55 | Create | Villager (Male) |
Build order — HNu'u | iHurtt
First 150 of 593 actions detected
| 0:01 | Create | Villager (Male) |
| 0:01 | Create | Villager (Male) |
| 0:01 | Create | Villager (Male) |
| 0:01 | Create | Villager (Male) |
| 0:02 | Build | House |
| 0:04 | Build | House |
| 0:12 | Research | Loom |
| 0:30 | Create | Villager (Male) |
| 0:30 | Create | Villager (Male) |
| 0:31 | Create | Villager (Male) |
| 0:31 | Create | Villager (Male) |
| 0:41 | Build | House |
| 1:33 | Build | Palisade Wall |
| 1:34 | Build | Palisade Wall |
| 1:36 | Build | Palisade Wall |
| 1:37 | Build | Palisade Wall |
| 1:52 | Build | Palisade Wall |
| 1:56 | Build | Palisade Wall |
| 2:09 | Create | Villager (Male) |
| 2:14 | Build | Palisade Wall |
| 2:16 | Create | Villager (Male) |
| 2:29 | Create | Villager (Male) |
| 2:29 | Create | Villager (Male) |
| 2:49 | Create | Villager (Male) |
| 3:06 | Create | Villager (Male) |
| 3:29 | Build | Lumber Camp |
| 3:37 | Build | Lumber Camp |
| 3:41 | Create | Villager (Male) |
| 3:41 | Create | Villager (Male) |
| 3:41 | Create | Villager (Male) |
| 4:20 | Create | Villager (Male) |
| 4:20 | Create | Villager (Male) |
| 4:29 | Create | Villager (Male) |
| 4:29 | Create | Villager (Male) |
| 5:02 | Create | Villager (Male) |
| 5:12 | Build | House |
| 5:35 | Create | Villager (Male) |
| 5:36 | Create | Villager (Male) |
| 5:54 | Create | Villager (Male) |
| 5:54 | Create | Villager (Male) |
| 5:55 | Create | Villager (Male) |
| 5:57 | Build | Mill |
| 6:23 | Build | House |
| 6:40 | Create | Villager (Male) |
| 6:40 | Create | Villager (Male) |
| 6:49 | Create | Villager (Male) |
| 7:05 | Create | Villager (Male) |
| 7:07 | Create | Villager (Male) |
| 7:07 | Create | Villager (Male) |
| 7:07 | Create | Villager (Male) |
| 7:54 | Create | Villager (Male) |
| 7:55 | Create | Villager (Male) |
| 7:55 | Create | Villager (Male) |
| 7:55 | Create | Villager (Male) |
| 8:07 | Create | Villager (Male) |
| 8:31 | Build | House |
| 8:39 | Research | Feudal Age |
| 8:58 | Build | Mining Camp |
| 10:59 | Age | Feudal Age |
| 11:03 | Build | Stone Wall |
| 11:05 | Build | Stone Wall |
| 11:06 | Build | Stone Wall |
| 11:12 | Build | Stone Wall |
| 11:14 | Build | Stone Wall |
| 11:14 | Build | Stone Wall |
| 11:19 | Build | Stone Wall |
| 11:23 | Create | Villager (Male) |
| 11:32 | Build | Market |
| 11:35 | Build | Blacksmith |
| 11:45 | Build | Stone Wall |
| 11:47 | Create | Villager (Male) |
| 12:19 | Create | Villager (Male) |
| 12:51 | Research | Castle Age |
| 13:13 | Build | Mining Camp |
| 13:28 | Research | Double-Bit Axe |
| 13:28 | Research | Double-Bit Axe |
| 13:37 | Build | Outpost |
| 13:49 | Build | Stone Wall |
| 14:27 | Build | Dock |
| 14:39 | Build | Outpost |
| 15:23 | Create | Fishing Ship |
| 15:31 | Age | Castle Age |
| 15:32 | Create | Villager (Male) |
| 15:33 | Create | Villager (Male) |
| 15:34 | Build | Town Center |
| 16:03 | Build | Town Center |
| 16:08 | Create | Villager (Male) |
| 16:23 | Build | House |
| 16:40 | Build | Outpost |
| 16:55 | Build | House |
| 17:02 | Create | Villager (Male) |
| 17:09 | Create | Fishing Ship |
| 17:30 | Create | Villager (Male) |
| 17:30 | Create | Villager (Male) |
| 17:30 | Create | Villager (Male) |
| 17:32 | Create | Villager (Male) |
| 17:39 | Research | Bow Saw |
| 17:39 | Research | Bow Saw |
| 17:44 | Create | Villager (Male) |
| 17:52 | Build | Outpost |
| 18:00 | Create | Fishing Ship |
| 18:12 | Create | Villager (Male) |
| 18:16 | Build | Farm |
| 18:21 | Build | Farm |
| 18:26 | Create | Villager (Male) |
| 18:32 | Build | Farm |
| 18:48 | Build | Farm |
| 18:50 | Build | Farm |
| 18:53 | Create | Villager (Male) |
| 19:02 | Build | Outpost |
| 19:14 | Build | Farm |
| 19:24 | Build | Farm |
| 19:25 | Build | Farm |
| 19:27 | Build | Farm |
| 19:28 | Build | Farm |
| 19:32 | Build | Farm |
| 19:34 | Build | Farm |
| 19:38 | Create | Villager (Male) |
| 19:39 | Create | Villager (Male) |
| 19:39 | Create | Villager (Male) |
| 19:42 | Create | Villager (Male) |
| 19:51 | Build | Outpost |
| 19:55 | Create | Villager (Male) |
| 19:55 | Create | Villager (Male) |
| 19:58 | Build | House |
| 20:01 | Build | House |
| 20:03 | Create | Villager (Male) |
| 20:04 | Create | Villager (Male) |
| 20:13 | Create | Fishing Ship |
| 20:18 | Research | Wheelbarrow |
| 20:18 | Research | Wheelbarrow |
| 20:23 | Build | House |
| 20:24 | Build | House |
| 20:29 | Build | Farm |
| 20:30 | Build | Farm |
| 20:34 | Create | Villager (Male) |
| 20:37 | Build | Outpost |
| 20:49 | Create | Villager (Male) |
| 20:49 | Create | Villager (Male) |
| 20:50 | Create | Villager (Male) |
| 20:57 | Create | Villager (Male) |
| 20:58 | Create | Villager (Male) |
| 20:58 | Create | Villager (Male) |
| 21:17 | Build | Town Center |
| 21:18 | Create | Villager (Male) |
| 21:18 | Create | Villager (Male) |
| 21:19 | Create | Villager (Male) |
| 21:19 | Create | Villager (Male) |
| 21:37 | Research | Town Watch |
| 21:37 | Research | Town Watch |
Build order — hK | Agt. Smith
First 150 of 298 actions detected
| 0:02 | Create | Villager (Male) |
| 0:03 | Build | House |
| 0:05 | Build | House |
| 0:25 | Create | Villager (Male) |
| 0:25 | Create | Villager (Male) |
| 0:25 | Create | Villager (Male) |
| 1:34 | Create | Villager (Male) |
| 2:08 | Create | Villager (Male) |
| 2:13 | Build | Lumber Camp |
| 2:23 | Create | Villager (Male) |
| 3:03 | Create | Villager (Male) |
| 3:27 | Create | Villager (Male) |
| 3:50 | Create | Villager (Male) |
| 3:52 | Build | House |
| 4:14 | Create | Villager (Male) |
| 4:31 | Build | Dock |
| 4:40 | Create | Villager (Male) |
| 5:08 | Build | House |
| 5:10 | Create | Villager (Male) |
| 5:24 | Create | Villager (Male) |
| 5:32 | Create | Fishing Ship |
| 6:03 | Create | Villager (Male) |
| 6:18 | Create | Fishing Ship |
| 6:29 | Create | Villager (Male) |
| 6:44 | Create | Fishing Ship |
| 6:49 | Create | Villager (Male) |
| 6:49 | Create | Villager (Male) |
| 6:57 | Build | House |
| 7:09 | Create | Villager (Male) |
| 7:52 | Create | Villager (Male) |
| 7:56 | Create | Fishing Ship |
| 7:59 | Build | House |
| 8:07 | Create | Villager (Male) |
| 8:07 | Create | Villager (Male) |
| 8:36 | Create | Villager (Male) |
| 8:38 | Build | Mill |
| 8:54 | Create | Villager (Male) |
| 9:07 | Create | Villager (Male) |
| 9:16 | Build | Mill |
| 9:22 | Create | Villager (Male) |
| 9:34 | Build | Mining Camp |
| 10:07 | Create | Fishing Ship |
| 10:14 | Research | Feudal Age |
| 11:13 | Build | Lumber Camp |
| 11:45 | Build | House |
| 12:24 | Age | Feudal Age |
| 12:28 | Create | Villager (Male) |
| 12:32 | Build | Market |
| 12:34 | Build | Blacksmith |
| 12:47 | Create | Villager (Male) |
| 13:00 | Build | Fish Trap |
| 13:23 | Research | Castle Age |
| 13:32 | Build | Fish Trap |
| 13:52 | Build | Fish Trap |
| 14:02 | Build | Fish Trap |
| 14:14 | Build | Fish Trap |
| 14:29 | Build | House |
| 14:30 | Build | House |
| 15:13 | Build | Dock |
| 15:15 | Create | Fishing Ship |
| 15:54 | Create | Villager (Male) |
| 15:59 | Build | Fish Trap |
| 16:03 | Build | House |
| 16:03 | Age | Castle Age |
| 16:10 | Build | Town Center |
| 16:12 | Create | Villager (Male) |
| 16:23 | Build | Town Center |
| 16:44 | Build | House |
| 16:47 | Create | Fishing Ship |
| 16:50 | Create | Villager (Male) |
| 16:51 | Create | Villager (Male) |
| 17:06 | Build | House |
| 17:13 | Create | Villager (Male) ×5 |
| 17:21 | Create | Fishing Ship |
| 17:25 | Build | House |
| 17:27 | Create | Villager (Male) |
| 17:36 | Build | Fish Trap |
| 17:39 | Create | Villager (Male) |
| 17:40 | Create | Villager (Male) |
| 17:43 | Build | House |
| 17:46 | Create | Villager (Male) |
| 17:47 | Create | Villager (Male) |
| 17:49 | Research | Horse Collar |
| 17:51 | Create | Villager (Male) |
| 17:52 | Create | Villager (Male) |
| 18:04 | Build | Monastery |
| 18:09 | Create | Villager (Male) ×3 |
| 18:17 | Build | Fish Trap |
| 18:20 | Create | Villager (Male) |
| 18:22 | Build | House |
| 18:30 | Create | Villager (Male) |
| 18:33 | Build | Farm |
| 18:34 | Build | Farm |
| 18:41 | Build | House |
| 18:50 | Build | Farm |
| 18:52 | Build | Farm |
| 18:52 | Build | Farm |
| 18:55 | Create | Monk |
| 18:56 | Create | Monk |
| 18:57 | Create | Villager (Male) ×3 |
| 19:05 | Build | Farm |
| 19:07 | Build | Farm |
| 19:09 | Build | Farm |
| 19:14 | Build | House |
| 19:19 | Build | Farm |
| 19:19 | Build | Farm |
| 19:22 | Build | Farm |
| 19:24 | Create | Villager (Male) ×2 |
| 19:27 | Build | Farm |
| 19:34 | Build | Farm |
| 19:38 | Build | Lumber Camp |
| 19:42 | Create | Villager (Male) ×2 |
| 19:45 | Build | House |
| 20:03 | Build | Farm |
| 20:06 | Build | Farm |
| 20:11 | Build | House |
| 20:12 | Build | House |
| 20:14 | Create | Villager (Male) ×4 |
| 20:17 | Research | Loom |
| 20:21 | Build | Farm |
| 20:23 | Build | Farm |
| 20:31 | Build | Farm |
| 20:34 | Build | Farm |
| 20:40 | Build | Farm |
| 20:45 | Create | Fishing Ship |
| 20:45 | Create | Fishing Ship |
| 20:49 | Build | Farm |
| 20:51 | Build | House |
| 20:54 | Create | Villager (Male) ×5 |
| 20:57 | Build | Farm |
| 21:02 | Build | Farm |
| 21:08 | Build | Farm |
| 21:11 | Build | House |
| 21:12 | Build | House |
| 21:38 | Build | Fish Trap |
| 21:44 | Build | Fish Trap |
| 21:45 | Research | Wheelbarrow |
| 21:48 | Research | Tech 906 |
| 21:50 | Build | House |
| 21:52 | Create | Villager (Male) ×5 |
| 21:53 | Create | Villager (Male) ×4 |
| 22:14 | Build | House |
| 22:16 | Build | House |
| 22:20 | Build | Farm |
| 22:24 | Build | Farm |
| 22:27 | Build | Farm |
| 22:30 | Research | Heavy Plow |
| 22:40 | Build | Market |
| 22:43 | Build | Market |
| 22:44 | Build | Market |
Build order — Mau5
First 150 of 511 actions detected
| 0:02 | Create | Villager (Male) |
| 0:02 | Create | Villager (Male) |
| 0:02 | Create | Villager (Male) |
| 0:03 | Build | House |
| 0:04 | Build | House |
| 0:15 | Create | Villager (Male) |
| 0:16 | Create | Villager (Male) |
| 1:33 | Create | Villager (Male) |
| 1:34 | Create | Villager (Male) |
| 1:47 | Build | Lumber Camp |
| 2:07 | Create | Villager (Male) |
| 2:07 | Create | Villager (Male) |
| 2:25 | Create | Villager (Male) |
| 2:25 | Create | Villager (Male) |
| 2:25 | Create | Villager (Male) |
| 2:53 | Create | Villager (Male) |
| 2:53 | Create | Villager (Male) |
| 3:15 | Create | Villager (Male) |
| 3:49 | Create | Villager (Male) |
| 3:49 | Create | Villager (Male) |
| 4:00 | Create | Villager (Male) |
| 4:07 | Build | House |
| 4:16 | Build | Dock |
| 4:25 | Create | Villager (Male) |
| 4:53 | Create | Villager (Male) |
| 4:53 | Create | Villager (Male) |
| 5:08 | Build | House |
| 5:09 | Build | House |
| 5:13 | Create | Fishing Ship |
| 5:28 | Create | Villager (Male) |
| 5:28 | Create | Villager (Male) |
| 5:56 | Create | Villager (Male) |
| 5:56 | Create | Villager (Male) |
| 5:57 | Create | Villager (Male) |
| 6:04 | Create | Fishing Ship |
| 6:30 | Build | Lumber Camp |
| 6:36 | Create | Villager (Male) |
| 6:36 | Create | Villager (Male) |
| 6:36 | Create | Villager (Male) |
| 6:37 | Create | Villager (Male) |
| 6:37 | Create | Villager (Male) |
| 7:10 | Create | Villager (Male) |
| 7:16 | Create | Fishing Ship |
| 7:45 | Create | Villager (Male) |
| 7:47 | Create | Villager (Male) |
| 7:55 | Build | Mill |
| 8:00 | Create | Villager (Male) |
| 8:00 | Create | Villager (Male) |
| 8:00 | Create | Villager (Male) |
| 8:00 | Create | Villager (Male) |
| 9:28 | Create | Villager (Male) |
| 9:43 | Create | Fishing Ship |
| 9:43 | Create | Fishing Ship |
| 9:56 | Research | Feudal Age |
| 9:56 | Research | Feudal Age |
| 10:00 | Build | Mining Camp |
| 10:49 | Build | House |
| 11:13 | Create | Villager (Male) |
| 11:13 | Create | Villager (Male) |
| 12:06 | Age | Feudal Age |
| 12:11 | Build | Market |
| 12:17 | Build | Blacksmith |
| 12:32 | Build | Fish Trap |
| 12:37 | Build | Fish Trap |
| 12:58 | Research | Castle Age |
| 12:59 | Research | Castle Age |
| 13:10 | Create | Fishing Ship |
| 13:20 | Research | Double-Bit Axe |
| 13:21 | Research | Double-Bit Axe |
| 13:21 | Research | Double-Bit Axe |
| 13:38 | Create | Fishing Ship |
| 13:40 | Build | Fish Trap |
| 13:52 | Research | Tech 906 |
| 13:57 | Build | Fish Trap |
| 14:03 | Build | Fish Trap |
| 15:15 | Build | Fish Trap |
| 15:19 | Create | Villager (Male) |
| 15:19 | Create | Villager (Male) |
| 15:23 | Build | House |
| 15:24 | Build | House |
| 15:25 | Build | House |
| 15:35 | Create | Villager (Male) |
| 15:38 | Age | Castle Age |
| 15:41 | Build | Town Center |
| 15:47 | Research | Bow Saw |
| 15:47 | Research | Bow Saw |
| 15:48 | Create | Villager (Male) |
| 15:51 | Create | Villager (Male) |
| 16:21 | Build | Town Center |
| 16:26 | Create | Villager (Male) |
| 16:42 | Create | Villager (Male) |
| 16:54 | Build | Monastery |
| 17:05 | Create | Villager (Male) |
| 17:05 | Create | Villager (Male) |
| 17:05 | Create | Villager (Male) |
| 17:05 | Create | Villager (Male) |
| 17:05 | Create | Villager (Male) |
| 17:19 | Build | Fish Trap |
| 17:21 | Create | Villager (Male) |
| 17:39 | Build | Dock |
| 17:44 | Create | Monk |
| 18:14 | Create | Villager (Male) |
| 18:14 | Create | Villager (Male) |
| 18:15 | Create | Villager (Male) |
| 18:15 | Create | Villager (Male) |
| 18:15 | Create | Villager (Male) |
| 18:15 | Create | Villager (Male) |
| 18:18 | Create | Fishing Ship |
| 18:18 | Create | Fishing Ship |
| 18:32 | Research | Gillnets |
| 18:32 | Create | Fishing Ship |
| 18:33 | Create | Fishing Ship |
| 18:36 | Create | Villager (Male) |
| 18:46 | Build | House |
| 18:47 | Build | House |
| 18:48 | Build | House |
| 18:52 | Build | House |
| 18:53 | Build | House |
| 18:54 | Build | House |
| 18:59 | Build | House |
| 19:00 | Build | House |
| 19:00 | Build | House |
| 19:00 | Build | House |
| 19:00 | Build | House |
| 19:03 | Create | Villager (Male) |
| 19:05 | Create | Villager (Male) |
| 19:06 | Create | Fishing Ship |
| 19:06 | Create | Fishing Ship |
| 19:08 | Build | Fish Trap |
| 19:15 | Build | Market |
| 19:20 | Create | Villager (Male) |
| 19:25 | Create | Villager (Male) |
| 19:25 | Create | Villager (Male) |
| 19:27 | Build | Town Center |
| 19:35 | Create | Villager (Male) |
| 19:37 | Build | Mining Camp |
| 19:40 | Build | Mining Camp |
| 19:49 | Build | Fish Trap |
| 19:50 | Create | Villager (Male) |
| 19:50 | Create | Villager (Male) |
| 19:54 | Create | Villager (Male) |
| 19:54 | Create | Villager (Male) |
| 20:00 | Build | Fish Trap |
| 20:11 | Create | Fishing Ship |
| 20:22 | Build | Fish Trap |
| 20:27 | Build | Fish Trap |
| 20:28 | Create | Villager (Male) |
| 20:30 | Create | Villager (Male) |
| 20:31 | Create | Villager (Male) |
| 21:01 | Create | Villager (Male) |
Build order — Panda
First 150 of 303 actions detected
| 0:01 | Create | Villager (Male) |
| 0:02 | Build | House |
| 0:03 | Build | House |
| 0:16 | Create | Villager (Male) ×3 |
| 1:06 | Create | Villager (Male) |
| 1:21 | Research | Loom |
| 1:58 | Create | Villager (Male) |
| 2:40 | Create | Villager (Male) |
| 2:52 | Build | Palisade Wall |
| 2:56 | Create | Villager (Male) |
| 3:26 | Create | Villager (Male) |
| 3:46 | Build | Lumber Camp |
| 4:04 | Create | Villager (Male) |
| 4:14 | Build | House |
| 4:59 | Create | Villager (Male) |
| 5:16 | Build | House |
| 5:20 | Create | Villager (Male) |
| 5:42 | Create | Villager (Male) |
| 5:50 | Create | Villager (Male) |
| 6:14 | Create | Villager (Male) |
| 6:20 | Create | Villager (Male) |
| 6:23 | Build | Dock |
| 6:34 | Create | Villager (Male) |
| 6:48 | Create | Villager (Male) |
| 7:15 | Create | Fishing Ship |
| 7:34 | Create | Villager (Male) |
| 7:41 | Build | House |
| 7:57 | Create | Villager (Male) |
| 7:59 | Create | Fishing Ship |
| 8:44 | Build | Mill |
| 9:04 | Create | Villager (Male) |
| 9:14 | Build | Lumber Camp |
| 10:00 | Create | Villager (Male) |
| 10:26 | Create | Villager (Male) |
| 10:37 | Research | Feudal Age |
| 10:48 | Build | Mining Camp |
| 11:27 | Build | House |
| 11:43 | Create | Fishing Ship |
| 12:10 | Create | Villager (Male) |
| 12:11 | Create | Villager (Male) |
| 12:46 | Create | Fishing Ship |
| 13:01 | Age | Feudal Age |
| 13:10 | Build | Market |
| 13:15 | Build | Blacksmith |
| 14:12 | Research | Castle Age |
| 14:14 | Research | Double-Bit Axe |
| 14:26 | Build | Fish Trap |
| 14:27 | Build | Fish Trap |
| 15:01 | Research | Horse Collar |
| 15:37 | Build | Fish Trap |
| 15:40 | Build | Fish Trap |
| 15:41 | Create | Fishing Ship |
| 15:42 | Research | Tech 906 |
| 16:03 | Create | Villager (Male) |
| 16:07 | Build | House |
| 16:08 | Build | House |
| 16:09 | Build | House |
| 16:19 | Build | House |
| 16:20 | Build | House |
| 16:28 | Create | Villager (Male) |
| 16:52 | Age | Castle Age |
| 17:01 | Create | Villager (Male) |
| 17:17 | Research | Bow Saw |
| 17:20 | Create | Villager (Male) |
| 17:24 | Create | Villager (Male) |
| 17:44 | Build | Farm |
| 17:45 | Build | Farm |
| 17:48 | Build | Farm |
| 18:01 | Build | Barracks |
| 18:04 | Build | Farm |
| 18:06 | Build | Farm |
| 18:10 | Create | Villager (Male) |
| 18:13 | Build | Farm |
| 18:28 | Research | Scale Barding Armor |
| 18:32 | Research | Forging |
| 18:38 | Create | Villager (Male) |
| 18:40 | Build | Farm |
| 18:40 | Build | Farm |
| 18:41 | Build | Farm |
| 19:07 | Build | Stable |
| 19:12 | Create | Villager (Male) |
| 19:14 | Build | Farm |
| 19:18 | Research | Gold Mining |
| 19:26 | Research | Scale Barding Armor |
| 19:28 | Create | Villager (Male) |
| 19:36 | Build | Stable |
| 19:45 | Create | Villager (Male) |
| 19:50 | Create | Unit 1944 |
| 19:50 | Create | Unit 1944 |
| 19:57 | Build | House |
| 20:03 | Create | Villager (Male) |
| 20:07 | Build | Farm |
| 20:08 | Build | Farm |
| 20:15 | Create | Unit 1944 |
| 20:18 | Create | Unit 1944 |
| 20:22 | Create | Unit 1944 |
| 20:27 | Build | Stable |
| 20:36 | Create | Unit 1944 |
| 20:40 | Create | Unit 1944 |
| 21:05 | Create | Unit 1944 |
| 21:09 | Create | Villager (Male) |
| 21:11 | Create | Unit 1944 |
| 21:11 | Create | Unit 1944 |
| 21:13 | Create | Villager (Male) ×5 |
| 21:26 | Build | Town Center |
| 21:34 | Create | Unit 1944 |
| 21:44 | Create | Villager (Male) |
| 21:48 | Build | Farm |
| 21:49 | Build | Farm |
| 22:05 | Create | Villager (Male) |
| 22:12 | Build | Town Center |
| 22:15 | Create | Villager (Male) |
| 22:16 | Build | Farm |
| 22:19 | Build | Farm |
| 22:21 | Build | Farm |
| 22:25 | Research | Bloodlines |
| 22:28 | Research | Heavy Plow |
| 22:33 | Build | Farm |
| 22:41 | Create | Villager (Male) |
| 22:49 | Create | Unit 1944 |
| 22:50 | Research | Husbandry |
| 22:55 | Create | Villager (Male) |
| 22:57 | Research | Wheelbarrow |
| 23:00 | Create | Villager (Male) |
| 23:05 | Create | Unit 1944 |
| 23:07 | Create | Villager (Male) |
| 23:12 | Research | Gillnets |
| 23:14 | Create | Unit 1944 |
| 23:15 | Create | Villager (Male) |
| 23:29 | Create | Villager (Male) |
| 23:38 | Create | Villager (Male) |
| 23:40 | Build | Monastery |
| 23:44 | Create | Unit 1944 |
| 23:52 | Create | Villager (Male) |
| 23:59 | Create | Villager (Male) |
| 24:05 | Build | Farm |
| 24:09 | Create | Villager (Male) |
| 24:13 | Build | Farm |
| 24:16 | Create | Villager (Male) |
| 24:19 | Create | Villager (Male) |
| 24:22 | Build | Farm |
| 24:25 | Create | Monk |
| 24:34 | Create | Unit 1944 |
| 24:35 | Create | Villager (Male) |
| 24:37 | Create | Villager (Male) |
| 24:45 | Build | House |
| 24:47 | Build | House |
| 24:47 | Build | House |
| 24:50 | Create | Villager (Male) |
| 24:52 | Build | House |
Build order — Eugenius
First 150 of 544 actions detected
| 0:01 | Create | Villager (Male) |
| 0:01 | Create | Villager (Male) |
| 0:02 | Build | House |
| 0:04 | Build | House |
| 0:17 | Research | Loom |
| 0:18 | Create | Villager (Male) |
| 0:18 | Create | Villager (Male) |
| 0:18 | Create | Villager (Male) |
| 0:18 | Create | Villager (Male) |
| 0:18 | Create | Villager (Male) |
| 0:49 | Build | Palisade Wall |
| 1:12 | Build | Palisade Wall |
| 1:14 | Build | Palisade Wall |
| 1:16 | Build | Palisade Wall |
| 2:03 | Create | Villager (Male) |
| 2:04 | Create | Villager (Male) |
| 2:04 | Create | Villager (Male) |
| 2:19 | Build | Palisade Wall |
| 2:24 | Build | Palisade Wall |
| 2:31 | Build | Lumber Camp |
| 2:35 | Create | Villager (Male) |
| 2:54 | Create | Villager (Male) |
| 2:54 | Create | Villager (Male) |
| 3:20 | Create | Villager (Male) |
| 3:20 | Create | Villager (Male) |
| 3:21 | Create | Villager (Male) |
| 3:52 | Create | Villager (Male) |
| 3:52 | Create | Villager (Male) |
| 3:53 | Create | Villager (Male) |
| 4:05 | Create | Villager (Male) |
| 4:27 | Build | House |
| 4:46 | Create | Villager (Male) |
| 4:47 | Create | Villager (Male) |
| 5:03 | Create | Villager (Male) |
| 5:03 | Create | Villager (Male) |
| 5:04 | Create | Villager (Male) |
| 5:37 | Create | Villager (Male) |
| 5:41 | Create | Villager (Male) |
| 5:41 | Create | Villager (Male) |
| 5:47 | Build | House |
| 6:10 | Create | Villager (Male) |
| 6:36 | Create | Villager (Male) |
| 7:11 | Build | Dock |
| 7:24 | Create | Villager (Male) |
| 7:51 | Create | Fishing Ship |
| 7:52 | Build | House |
| 8:12 | Create | Fishing Ship |
| 8:32 | Research | Feudal Age |
| 8:32 | Research | Feudal Age |
| 9:25 | Build | Lumber Camp |
| 9:28 | Create | Fishing Ship |
| 9:32 | Build | House |
| 9:39 | Create | Villager (Male) |
| 9:50 | Create | Villager (Male) |
| 9:57 | Create | Fishing Ship |
| 10:10 | Create | Fishing Ship |
| 10:35 | Build | Outpost |
| 10:40 | Create | Villager (Male) |
| 10:42 | Age | Feudal Age |
| 10:55 | Build | Stone Wall |
| 10:59 | Build | Stone Wall |
| 11:05 | Create | Fishing Ship |
| 11:09 | Create | Villager (Male) |
| 11:13 | Build | House |
| 11:16 | Build | House |
| 11:34 | Build | Stone Wall |
| 11:40 | Build | Stone Wall |
| 11:50 | Build | Fish Trap |
| 11:58 | Create | Villager (Male) |
| 11:58 | Create | Villager (Male) |
| 12:09 | Build | Mill |
| 12:32 | Create | Fishing Ship |
| 12:39 | Build | Market |
| 12:54 | Build | Mining Camp |
| 12:57 | Build | Mining Camp |
| 13:01 | Create | Villager (Male) |
| 13:25 | Create | Villager (Male) |
| 13:34 | Build | Blacksmith |
| 13:43 | Create | Villager (Male) |
| 13:44 | Create | Fishing Ship |
| 13:52 | Build | Fish Trap |
| 13:58 | Build | Fish Trap |
| 14:17 | Build | Fish Trap |
| 14:28 | Create | Villager (Male) |
| 14:55 | Research | Castle Age |
| 15:03 | Build | Fish Trap |
| 15:18 | Build | Fish Trap |
| 15:29 | Research | Double-Bit Axe |
| 15:29 | Research | Double-Bit Axe |
| 15:36 | Build | House |
| 15:37 | Build | House |
| 15:48 | Build | Fish Trap |
| 15:59 | Research | Tech 906 |
| 16:00 | Research | Tech 906 |
| 16:20 | Create | Villager (Male) |
| 16:56 | Build | Dock |
| 17:12 | Build | Dock |
| 17:26 | Create | Villager (Male) |
| 17:35 | Age | Castle Age |
| 17:38 | Build | Town Center |
| 17:40 | Create | Villager (Male) |
| 17:45 | Research | Bow Saw |
| 17:58 | Research | Gillnets |
| 18:02 | Create | Villager (Male) |
| 18:23 | Create | Fishing Ship |
| 18:23 | Create | Fishing Ship |
| 18:24 | Create | Fishing Ship |
| 18:33 | Build | Fish Trap |
| 18:39 | Create | Fishing Ship |
| 18:47 | Create | Fishing Ship |
| 18:53 | Build | House |
| 18:54 | Build | House |
| 18:56 | Build | House |
| 18:56 | Build | House |
| 18:59 | Create | Villager (Male) |
| 19:08 | Create | Villager (Male) |
| 19:14 | Build | Fish Trap |
| 19:21 | Build | Fish Trap |
| 19:24 | Create | Villager (Male) |
| 19:38 | Create | Villager (Male) |
| 19:39 | Create | Villager (Male) |
| 19:41 | Create | Villager (Male) |
| 19:42 | Create | Villager (Male) |
| 19:48 | Build | Fish Trap |
| 19:52 | Build | Fish Trap |
| 19:58 | Build | Fish Trap |
| 20:16 | Build | Town Center |
| 20:21 | Create | Villager (Male) |
| 20:25 | Create | Villager (Male) |
| 20:25 | Create | Villager (Male) |
| 20:30 | Research | Wheelbarrow |
| 20:30 | Research | Wheelbarrow |
| 20:33 | Create | Fishing Ship |
| 20:33 | Create | Fishing Ship |
| 20:33 | Create | Fishing Ship |
| 20:35 | Create | Fishing Ship |
| 20:35 | Create | Fishing Ship |
| 20:35 | Create | Fishing Ship |
| 20:38 | Create | Fishing Ship |
| 20:38 | Create | Fishing Ship |
| 20:47 | Build | Lumber Camp |
| 20:49 | Create | Villager (Male) |
| 20:56 | Create | Fishing Ship |
| 20:56 | Create | Fishing Ship |
| 20:56 | Create | Fishing Ship |
| 21:19 | Build | Fish Trap |
| 21:24 | Build | Fish Trap |
| 21:27 | Build | Fish Trap |
| 21:29 | Create | Fishing Ship |
| 21:29 | Create | Fishing Ship |
Build order — Ux'unreal.
First 150 of 302 actions detected
| 0:01 | Create | Villager (Male) |
| 0:02 | Build | House |
| 0:03 | Build | House |
| 0:16 | Create | Villager (Male) |
| 0:16 | Create | Villager (Male) |
| 0:24 | Research | Loom |
| 0:24 | Create | Villager (Male) |
| 0:25 | Create | Villager (Male) |
| 0:32 | Create | Villager (Male) |
| 0:33 | Create | Villager (Male) |
| 1:27 | Build | Palisade Wall |
| 1:32 | Build | Palisade Wall |
| 1:59 | Create | Villager (Male) |
| 1:59 | Create | Villager (Male) |
| 2:37 | Create | Villager (Male) |
| 2:37 | Create | Villager (Male) |
| 2:57 | Create | Villager (Male) |
| 2:58 | Create | Villager (Male) |
| 3:38 | Create | Villager (Male) |
| 3:38 | Create | Villager (Male) |
| 3:48 | Create | Villager (Male) |
| 3:48 | Create | Villager (Male) |
| 4:05 | Build | Palisade Wall |
| 4:24 | Build | Lumber Camp |
| 4:31 | Create | Villager (Male) |
| 4:39 | Build | House |
| 4:55 | Create | Villager (Male) |
| 4:56 | Create | Villager (Male) |
| 5:15 | Create | Villager (Male) |
| 5:15 | Create | Villager (Male) |
| 5:47 | Create | Villager (Male) |
| 5:47 | Create | Villager (Male) |
| 5:47 | Create | Villager (Male) |
| 6:29 | Build | House |
| 6:34 | Create | Villager (Male) |
| 6:35 | Create | Villager (Male) |
| 6:58 | Create | Villager (Male) |
| 7:17 | Build | Barracks |
| 7:20 | Create | Villager (Male) |
| 7:52 | Create | Villager (Male) |
| 8:29 | Research | Feudal Age |
| 8:52 | Create | Militia |
| 8:52 | Create | Militia |
| 8:52 | Create | Militia |
| 9:09 | Build | Mining Camp |
| 9:33 | Build | House |
| 9:50 | Create | Militia |
| 10:11 | Create | Militia |
| 10:18 | Create | Villager (Male) |
| 10:39 | Age | Feudal Age |
| 10:39 | Build | Palisade Gate |
| 10:40 | Build | House |
| 10:43 | Research | Man-at-Arms (upgrade) |
| 10:43 | Research | Man-at-Arms (upgrade) |
| 10:54 | Research | Arson |
| 11:05 | Create | Villager (Male) |
| 11:11 | Build | Mill |
| 11:13 | Create | Villager (Male) |
| 11:36 | Create | Villager (Male) |
| 11:46 | Create | Villager (Male) |
| 11:55 | Build | Lumber Camp |
| 11:58 | Create | Villager (Male) |
| 12:11 | Create | Villager (Male) |
| 12:50 | Build | Dock |
| 12:51 | Research | Double-Bit Axe |
| 12:51 | Research | Double-Bit Axe |
| 13:13 | Create | Villager (Male) |
| 13:22 | Build | House |
| 13:25 | Build | House |
| 13:28 | Create | Fishing Ship |
| 13:52 | Create | Villager (Male) |
| 13:57 | Create | Fishing Ship |
| 14:02 | Build | House |
| 14:30 | Create | Villager (Male) |
| 14:30 | Create | Villager (Male) |
| 14:45 | Create | Fishing Ship |
| 14:48 | Build | Dock |
| 15:06 | Create | Villager (Male) |
| 15:28 | Create | Villager (Male) |
| 15:31 | Create | Fishing Ship |
| 15:32 | Create | Fishing Ship |
| 15:49 | Build | House |
| 15:50 | Build | House |
| 16:00 | Create | Villager (Male) |
| 16:13 | Create | Villager (Male) |
| 16:16 | Build | Fish Trap |
| 16:18 | Build | Fish Trap |
| 16:21 | Create | Fishing Ship |
| 16:21 | Create | Fishing Ship |
| 16:25 | Build | Market |
| 16:38 | Create | Villager (Male) |
| 16:41 | Build | Lumber Camp |
| 16:57 | Build | Stone Wall |
| 17:01 | Build | Stone Wall |
| 17:12 | Create | Villager (Male) |
| 17:15 | Build | Fish Trap |
| 17:20 | Build | Fish Trap |
| 17:21 | Create | Fishing Ship |
| 17:21 | Create | Fishing Ship |
| 17:31 | Build | Stone Wall |
| 17:35 | Create | Villager (Male) |
| 17:41 | Build | Blacksmith |
| 18:03 | Create | Fishing Ship |
| 18:05 | Build | Fish Trap |
| 18:09 | Build | Fish Trap |
| 18:14 | Create | Villager (Male) |
| 18:41 | Build | Lumber Camp |
| 18:50 | Build | Fish Trap |
| 19:08 | Build | Fish Trap |
| 19:12 | Build | Fish Trap |
| 19:15 | Build | Fish Trap |
| 19:22 | Research | Castle Age |
| 19:22 | Research | Castle Age |
| 19:36 | Build | Stone Wall |
| 20:03 | Build | Mining Camp |
| 21:15 | Build | Stone Wall |
| 21:23 | Create | Fishing Ship |
| 21:23 | Create | Fishing Ship |
| 21:51 | Create | Villager (Male) |
| 22:02 | Age | Castle Age |
| 22:03 | Research | Tech 906 |
| 22:03 | Research | Tech 906 |
| 22:11 | Build | Fish Trap |
| 22:15 | Build | Fish Trap |
| 22:18 | Create | Villager (Male) |
| 22:19 | Research | Bow Saw |
| 22:21 | Build | House |
| 22:22 | Build | House |
| 22:24 | Build | House |
| 22:25 | Build | House |
| 22:25 | Build | House |
| 22:32 | Build | Town Center |
| 22:40 | Build | Outpost |
| 22:43 | Build | Stone Wall |
| 22:51 | Create | Villager (Male) |
| 22:52 | Research | Gillnets |
| 22:54 | Research | Horse Collar |
| 22:56 | Build | Farm |
| 22:57 | Build | Farm |
| 22:57 | Build | Farm |
| 22:57 | Build | Farm |
| 22:57 | Build | Farm |
| 23:01 | Build | Farm |
| 23:03 | Create | Villager (Male) |
| 23:06 | Build | Farm |
| 23:09 | Build | Farm |
| 23:11 | Build | Farm |
| 23:12 | Build | Farm |
| 23:14 | Build | Farm |
| 23:18 | Research | Wheelbarrow |
Match timeline
| 0:49 | Eugenius · wall_segment Palisade Wall x7 |
| 1:12 | Eugenius · wall_segment Palisade Wall x1 |
| 1:14 | Eugenius · wall_segment Palisade Wall x1 |
| 1:16 | Eugenius · wall_segment Palisade Wall x1 |
| 1:24 | Ux'Double D · wall_segment Palisade Wall x13 |
| 1:27 | Ux'unreal. · wall_segment Palisade Wall x1 |
| 1:32 | Ux'unreal. · wall_segment Palisade Wall x1 |
| 1:33 | HNu'u | iHurtt · wall_segment Palisade Wall x2 |
| 1:34 | HNu'u | iHurtt · wall_segment Palisade Wall x1 |
| 1:36 | HNu'u | iHurtt · wall_segment Palisade Wall x1 |
| 1:37 | HNu'u | iHurtt · wall_segment Palisade Wall x1 |
| 1:50 | . · wall_segment Palisade Wall x9 |
| 1:52 | HNu'u | iHurtt · wall_segment Palisade Wall x1 |
| 1:56 | HNu'u | iHurtt · wall_segment Palisade Wall x1 |
| 1:58 | . · wall_segment Palisade Wall x7 |
| 2:14 | HNu'u | iHurtt · wall_segment Palisade Wall x9 |
| 2:19 | Eugenius · wall_segment Palisade Wall x2 |
| 2:24 | Eugenius · wall_segment Palisade Wall x5 |
| 2:52 | Panda · wall_segment Palisade Wall x8 |
| 3:44 | . · wall_segment Palisade Wall x6 |
| 4:05 | Ux'unreal. · wall_segment Palisade Wall x7 |
| 4:16 | Mau5 · first_building Dock |
| 4:31 | hK | Agt. Smith · first_building Dock |
| 4:56 | . · wall_segment Palisade Wall x11 |
| 5:19 | . · wall_segment Palisade Wall x6 |
| 5:45 | . · wall_segment Palisade Wall x1 |
| 5:57 | Ux'Double D · first_building Dock |
| 6:23 | Panda · first_building Dock |
| 7:11 | Eugenius · first_building Dock |
| 7:17 | Ux'unreal. · first_building Barracks |
| 8:08 | . · wall_segment Palisade Wall x12 |
| 9:40 | . · first_building Dock |
| 10:01 | Ux'Double D · wall_segment Palisade Wall x10 |
| 10:24 | . · age_up feudal |
| 10:30 | . · wall_segment Stone Wall x7 |
| 10:38 | . · wall_segment Stone Wall x1 |
| 10:39 | Ux'unreal. · age_up feudal |
| 10:40 | . · wall_segment Stone Wall x5 |
| 10:41 | . · wall_segment Stone Wall x1 |
| 10:42 | Eugenius · age_up feudal |
| 10:55 | Eugenius · wall_segment Stone Wall x5 |
| 10:59 | HNu'u | iHurtt · age_up feudal |
| 10:59 | Eugenius · wall_segment Stone Wall x2 |
| 11:03 | HNu'u | iHurtt · wall_segment Stone Wall x1 |
| 11:05 | HNu'u | iHurtt · wall_segment Stone Wall x1 |
| 11:06 | HNu'u | iHurtt · wall_segment Stone Wall x6 |
| 11:10 | . · wall_segment Stone Wall x1 |
| 11:11 | . · wall_segment Stone Wall x1 |
| 11:12 | HNu'u | iHurtt · wall_segment Stone Wall x1 |
| 11:13 | . · wall_segment Stone Wall x8 |
| 11:14 | HNu'u | iHurtt · wall_segment Stone Wall x1 |
| 11:14 | HNu'u | iHurtt · wall_segment Stone Wall x3 |
| 11:19 | HNu'u | iHurtt · wall_segment Stone Wall x4 |
| 11:34 | Eugenius · wall_segment Stone Wall x3 |
| 11:40 | Eugenius · wall_segment Stone Wall x3 |
| 11:45 | HNu'u | iHurtt · wall_segment Stone Wall x10 |
| 11:55 | . · wall_segment Stone Wall x1 |
| 11:57 | . · wall_segment Stone Wall x2 |
| 11:58 | . · wall_segment Stone Wall x1 |
| 12:06 | Mau5 · age_up feudal |
| 12:24 | hK | Agt. Smith · age_up feudal |
| 12:28 | . · wall_segment Stone Wall x6 |
| 12:37 | Ux'Double D · age_up feudal |
| 12:50 | Ux'unreal. · first_building Dock |
| 13:01 | Panda · age_up feudal |
| 13:49 | HNu'u | iHurtt · wall_segment Stone Wall x8 |
| 13:58 | . · wall_segment Stone Wall x1 |
| 13:59 | . · wall_segment Stone Wall x1 |
| 14:00 | . · wall_segment Stone Wall x1 |
| 14:02 | . · wall_segment Stone Wall x1 |
| 14:03 | . · wall_segment Stone Wall x1 |
| 14:08 | Eugenius · first_market_sell 100 stone |
| 14:27 | HNu'u | iHurtt · first_building Dock |
| 14:30 | Eugenius · first_market_buy 100 food |
| 14:54 | . · first_market_buy 100 wood |
| 15:27 | HNu'u | iHurtt · first_market_buy 100 wood |
| 15:31 | HNu'u | iHurtt · age_up castle |
| 15:38 | Mau5 · age_up castle |
| 15:47 | HNu'u | iHurtt · first_market_sell 100 food |
| 16:03 | hK | Agt. Smith · age_up castle |
| 16:18 | hK | Agt. Smith · first_market_buy 100 wood |
| 16:34 | . · age_up castle |
| 16:39 | . · first_building Siege Workshop |
| 16:42 | Ux'Double D · age_up castle |
| 16:52 | Panda · age_up castle |
| 16:54 | Mau5 · first_building Monastery |
| 16:57 | Ux'unreal. · wall_segment Stone Wall x3 |
| 17:01 | Ux'unreal. · wall_segment Stone Wall x2 |
| 17:31 | Ux'unreal. · wall_segment Stone Wall x5 |
| 17:35 | Eugenius · age_up castle |
| 18:01 | Panda · first_building Barracks |
| 18:04 | hK | Agt. Smith · first_building Monastery |
| 18:43 | Ux'Double D · first_market_buy 100 stone |
| 18:54 | . · first_market_sell 100 food |
| 19:02 | Ux'unreal. · first_market_buy 100 food |
| 19:07 | Panda · first_building Stable |
| 19:36 | Ux'unreal. · wall_segment Stone Wall x6 |
| 20:27 | Ux'Double D · first_building Monastery |
| 21:12 | . · wall_segment Stone Wall x1 |
| 21:13 | . · wall_segment Stone Wall x1 |
| 21:15 | Ux'unreal. · wall_segment Stone Wall x6 |
| 21:37 | . · wall_segment Stone Wall x1 |
| 22:02 | Ux'unreal. · age_up castle |
| 22:17 | Eugenius · first_building Monastery |
| 22:37 | Mau5 · first_building Barracks |
| 22:43 | Ux'unreal. · wall_segment Stone Wall x1 |
| 23:00 | Mau5 · first_building Siege Workshop |
| 23:40 | Panda · first_building Monastery |
| 24:27 | hK | Agt. Smith · first_market_sell 500 food |
| 24:41 | Mau5 · first_market_buy 100 food |
| 24:52 | Ux'Double D · first_building Siege Workshop |
| 24:59 | Eugenius · first_building Siege Workshop |
| 25:08 | Ux'Double D · first_building Barracks |
| 25:27 | hK | Agt. Smith · first_building Siege Workshop |
| 25:35 | Ux'unreal. · first_building Castle |
| 25:43 | HNu'u | iHurtt · first_building Castle |
| 25:51 | Panda · first_market_sell 100 wood |
| 25:52 | Ux'unreal. · first_building Siege Workshop |
| 25:55 | Panda · first_market_buy 100 stone |
| 26:09 | Panda · first_building Siege Workshop |
| 26:13 | hK | Agt. Smith · first_building Barracks |
| 26:27 | Ux'Double D · first_market_sell 500 wood |
| 26:34 | Eugenius · first_building Barracks |
| 26:47 | hK | Agt. Smith · first_building Stable |
| 27:09 | Mau5 · first_building Castle |
| 27:13 | Ux'unreal. · first_market_sell 100 wood |
| 27:31 | Ux'Double D · first_building Archery Range |
| 27:38 | hK | Agt. Smith · age_up imperial |
| 27:58 | Mau5 · age_up imperial |
| 28:00 | HNu'u | iHurtt · first_building Barracks |
| 28:15 | Ux'Double D · first_building Castle |
| 28:16 | Ux'unreal. · first_building Archery Range |
| 28:32 | Mau5 · first_market_sell 500 wood |
| 28:33 | Panda · wall_segment Stone Wall x8 |
| 28:41 | HNu'u | iHurtt · first_building Archery Range |
| 28:46 | Eugenius · first_building Castle |
| 29:02 | hK | Agt. Smith · first_building Castle |
| 29:18 | Eugenius · age_up imperial |
| 29:26 | . · first_building Barracks |
| 29:28 | HNu'u | iHurtt · wall_segment Stone Wall x8 |
| 29:29 | HNu'u | iHurtt · wall_segment Stone Wall x5 |
| 29:58 | Ux'Double D · age_up imperial |
| 30:49 | Ux'unreal. · age_up imperial |
| 30:53 | HNu'u | iHurtt · age_up imperial |
| 30:56 | . · first_building Castle |
| 31:10 | Panda · wall_segment Stone Wall x13 |
| 31:11 | Eugenius · wall_segment Stone Wall x1 |
| 31:14 | . · first_building Archery Range |
| 31:30 | HNu'u | iHurtt · wall_segment Stone Wall x8 |
| 31:32 | HNu'u | iHurtt · wall_segment Stone Wall x5 |
| 32:29 | . · age_up imperial |
| 32:36 | HNu'u | iHurtt · wall_segment Stone Wall x4 |
| 33:05 | hK | Agt. Smith · wall_segment Stone Wall x6 |
| 33:18 | . · first_building Stable |
| 33:25 | Panda · age_up imperial |
| 33:34 | Ux'Double D · first_building Stable |
| 34:16 | hK | Agt. Smith · wall_segment Stone Wall x3 |
| 34:55 | Panda · first_building Castle |
| 38:46 | Ux'unreal. · resign |
[ AI ANALYSIS · 1 CREDIT ]
What really happened in this match?
Wolo.gg analyzes every decision: build order, eco, micro, common mistakes by bracket. Personalized analysis on WhatsApp or Discord in 30 seconds.
Civ guide
Gurjaras
Perfil
154985415164